MLB
TORONTO BLUE JAYS @ DETROIT TIGERS
09/25/2049
 
TOP OF THE 1ST
Toronto Blue Jays batting - Pitching for Detroit Tigers : RHP Andy Miller
Pitching: RHP Andy Miller
Batting: RHB Donny Burnside 0-0: Ball
1-0: Foul Ball, location: 2F
1-1: Foul Ball, location: 2F
1-2: Strikes out looking
Batting: RHB Danny Burnside 0-0: Ball
1-0: Bunt for hit to P - play at first, batter OUT! 1-3
Batting: LHB Willis Robles 0-0: Called Strike
0-1: Ball
1-1: Called Strike
1-2: Foul Ball, location: 2F
1-2: Strikes out swinging
Top of the 1st over - 0 runs, 0 hits, 0 errors, 0 left on base; Toronto 0 - Detroit 0
BOTTOM OF THE 1ST
Detroit Tigers batting - Pitching for Toronto Blue Jays : RHP Hoof Harted
Pitching: RHP Hoof Harted
Batting: LHB Frank McConnell 0-0: Swinging Strike
0-1: Foul Ball, location: 2F
0-2: Ground out U3 (Groundball, 3, EV 89.4 MPH)
Batting: LHB Morgan Black 0-0: Called Strike
0-1: Swinging Strike
0-2: Foul Ball, location: 2F
0-2: Strikes out looking
Batting: RHB Victor Quinones 0-0: Called Strike
0-1: Foul Ball, location: 2F
0-2: Strikes out swinging
Bottom of the 1st over - 0 runs, 0 hits, 0 errors, 0 left on base; Toronto 0 - Detroit 0
TOP OF THE 2ND
Toronto Blue Jays batting - Pitching for Detroit Tigers : RHP Andy Miller
Batting: SHB Dominik Hasek II 0-0: Ball
1-0: Foul Ball, location: 2F
1-1: Foul Ball, location: 2F
1-2: Strikes out swinging
Batting: SHB Jason Woods 0-0: Ball
1-0: Called Strike
1-1: Called Strike
1-2: Ball
2-2: Ground out 1-3 (Groundball, 13S, EV 66.9 MPH)
Batting: RHB Butch Kaiser 0-0: Fly out, F9 (Line Drive, 9S, EV 86.2 MPH)
Top of the 2nd over - 0 runs, 0 hits, 0 errors, 0 left on base; Toronto 0 - Detroit 0
BOTTOM OF THE 2ND
Detroit Tigers batting - Pitching for Toronto Blue Jays : RHP Hoof Harted
Batting: LHB Dave Carlisle 0-0: Fly out, F9 (Flyball, 9LM, EV 78.1 MPH)
Batting: SHB Adam Weber 0-0: Called Strike
0-1: Foul Ball, location: 2F
0-2: Foul Ball, location: 2F
0-2: Fly out, F9 (Flyball, 9S, EV 92.5 MPH)
Batting: LHB Tyler Davis 0-0: Ball
1-0: Foul Ball, location: 2F
1-1: Ball
2-1: Foul Ball, location: 2F
2-2: Fly out, F9 (Flyball, 9S, EV 81.9 MPH)
Bottom of the 2nd over - 0 runs, 0 hits, 0 errors, 0 left on base; Toronto 0 - Detroit 0
TOP OF THE 3RD
Toronto Blue Jays batting - Pitching for Detroit Tigers : RHP Andy Miller
Batting: RHB Steve Jordan 0-0: Ball
1-0: Called Strike
1-1: Foul Ball, location: 2F
1-2: Ball
2-2: Foul Ball, location: 2F
2-2: Ball
3-2: Foul Ball, location: 2F
3-2: SOLO HOME RUN (Flyball, 7D, EV 109.4 MPH), Distance : 416 ft
Batting: RHB Brock Van Gilder 0-0: Fly out, F9 (Flyball, 89M, EV 78.1 MPH)
Batting: RHB Mike Harkins 0-0: Ball
1-0: Ground out 6-3 (Groundball, 6, EV 79.4 MPH)
Batting: RHB Donny Burnside 0-0: Ball
1-0: Called Strike
1-1: Ball
2-1: Ball
3-1: Base on Balls
Batting: RHB Danny Burnside 0-0: DOUBLE (Flyball, 78D, EV 101.2 MPH)
Donny Burnside to third
Runner from 3rd tries for Home, SAFE, throw by LF to home
Batting: LHB Willis Robles 0-0: Fly out, F8 (Flyball, 8LM, EV 90.0 MPH)
Top of the 3rd over - 2 runs, 2 hits, 0 errors, 1 left on base; Toronto 2 - Detroit 0
BOTTOM OF THE 3RD
Detroit Tigers batting - Pitching for Toronto Blue Jays : RHP Hoof Harted
Batting: LHB Bill Ford 0-0: Ball
1-0: SINGLE (Groundball, P, EV 91.9 MPH) (infield hit)
Batting: RHB Andres Leon 0-0: Ball
1-0: Called Strike
1-1: Ball
2-1: Foul Ball, location: 2F
2-2: Ball
3-2: DOUBLE (Line Drive, 9LS, EV 95.0 MPH)
Bill Ford to third
Bill Ford scores
Batting: RHB Dan Friess 0-0: Foul Ball, location: 2F
0-1: Fly out, F3 (Popup, 34, EV 75.0 MPH)
Batting: LHB Frank McConnell 0-0: Ground out 4-3 (Groundball, 4D, EV 87.5 MPH)
Andres Leon to third
Batting: LHB Morgan Black 0-0: Foul Ball, location: 2F
0-1: Ball
1-1: Ground out 6-3 (Groundball, 56, EV 109.4 MPH)
Bottom of the 3rd over - 1 run, 2 hits, 0 errors, 1 left on base; Toronto 2 - Detroit 1
TOP OF THE 4TH
Toronto Blue Jays batting - Pitching for Detroit Tigers : RHP Andy Miller
Batting: SHB Dominik Hasek II 0-0: Ball
1-0: Foul Ball, location: 2F
1-1: DOUBLE (Line Drive, 78XD, EV 109.4 MPH)
Batting: SHB Jason Woods 0-0: Ball
1-0: Foul Ball, location: 2F
1-1: Called Strike
1-2: Strikes out swinging
Batting: RHB Butch Kaiser 0-0: Ball
1-0: Ball
Dominik Hasek II steals 3rd base
2-0: Foul Ball, location: 2F
2-1: Ball
3-1: Ground out 6-3 (Groundball, 6, EV 104.4 MPH)
Dominik Hasek II scores
Batting: RHB Steve Jordan 0-0: Ball
1-0: Fly out, F9 (Flyball, 89S, EV 84.4 MPH)
Top of the 4th over - 1 run, 1 hit, 0 errors, 0 left on base; Toronto 3 - Detroit 1
BOTTOM OF THE 4TH
Detroit Tigers batting - Pitching for Toronto Blue Jays : RHP Hoof Harted
Batting: RHB Victor Quinones 0-0: Fly out, F9 (Flyball, 9D, EV 98.8 MPH)
Batting: LHB Dave Carlisle 0-0: Swinging Strike
0-1: Swinging Strike
0-2: Ball
1-2: Ball
2-2: Ball
3-2: Foul Ball, location: 2F
3-2: Foul Ball, location: 2F
3-2: Fly out, F8 (Flyball, 8LM, EV 95.0 MPH)
Batting: SHB Adam Weber 0-0: Called Strike
0-1: Ball
1-1: Ground out U3 (Groundball, 3, EV 110.0 MPH)
Bottom of the 4th over - 0 runs, 0 hits, 0 errors, 0 left on base; Toronto 3 - Detroit 1
TOP OF THE 5TH
Toronto Blue Jays batting - Pitching for Detroit Tigers : RHP Andy Miller
Batting: RHB Brock Van Gilder 0-0: Ball
1-0: Called Strike
1-1: Called Strike
1-2: Ball
2-2: Foul Ball, location: 2F
2-2: Ball
3-2: Base on Balls
Batting: RHB Mike Harkins 0-0: Called Strike
0-1: Fly out, F8 (Flyball, 8RS, EV 91.9 MPH)
Batting: RHB Donny Burnside 0-0: Ball
Brock Van Gilder is caught stealing 2nd base 2-4
1-0: Ball
2-0: Ball
3-0: Base on Balls
Batting: RHB Danny Burnside 0-0: Swinging Strike
0-1: Ball
Wild Pitch!
Donny Burnside to second
1-1: Swinging Strike
1-2: Strikes out swinging
Top of the 5th over - 0 runs, 0 hits, 0 errors, 1 left on base; Toronto 3 - Detroit 1
BOTTOM OF THE 5TH
Detroit Tigers batting - Pitching for Toronto Blue Jays : RHP Hoof Harted
Batting: LHB Tyler Davis 0-0: Called Strike
0-1: Called Strike
0-2: Ball
1-2: SINGLE (Groundball, 6D, EV 103.1 MPH)
Batting: LHB Bill Ford 0-0: Ball
1-0: Ball
2-0: Foul Ball, location: 2F
2-1: Foul Ball, location: 2F
2-2: Foul Ball, location: 2F
2-2: Foul Ball, location: 2F
2-2: Ground out 4-3 (Groundball, 34, EV 90.0 MPH)
Tyler Davis to second
Batting: RHB Andres Leon 0-0: Ball
1-0: Called Strike
1-1: Ground out 4-3 (Groundball, 4, EV 101.2 MPH)
Tyler Davis to third
Batting: RHB Dan Friess 0-0: Called Strike
0-1: Swinging Strike
0-2: Ball
1-2: Ball
2-2: Foul Ball, location: 2F
2-2: Ball
3-2: Foul Ball, location: 2F
3-2: Strikes out swinging
Bottom of the 5th over - 0 runs, 1 hit, 0 errors, 1 left on base; Toronto 3 - Detroit 1
TOP OF THE 6TH
Toronto Blue Jays batting - Pitching for Detroit Tigers : RHP Andy Miller
Batting: LHB Willis Robles 0-0: Foul Ball, location: 2F
0-1: Foul Ball, location: 2F
0-2: Strikes out looking
Batting: SHB Dominik Hasek II 0-0: Ball
1-0: Foul Ball, location: 2F
1-1: Ball
2-1: Ground out 6-3 (Groundball, 6, EV 84.4 MPH)
Batting: SHB Jason Woods 0-0: Called Strike
0-1: Foul Ball, location: 2F
0-2: Ground out 5-3 (Groundball, 5, EV 86.9 MPH)
Top of the 6th over - 0 runs, 0 hits, 0 errors, 0 left on base; Toronto 3 - Detroit 1
BOTTOM OF THE 6TH
Detroit Tigers batting - Pitching for Toronto Blue Jays : RHP Hoof Harted
Batting: LHB Frank McConnell 0-0: Fly out, F9 (Flyball, 89D, EV 106.9 MPH)
Batting: LHB Morgan Black 0-0: Called Strike
0-1: Foul Ball, location: 2F
0-2: Ground out 4-3 (Groundball, 4, EV 105.6 MPH)
Batting: RHB Victor Quinones 0-0: Ball
1-0: Ball
2-0: Called Strike
2-1: Swinging Strike
2-2: Hit by Pitch
Batting: LHB Dave Carlisle 0-0: Called Strike
0-1: Ball
1-1: Foul Ball, location: 2F
1-2: Ball
2-2: Foul Ball, location: 2F
2-2: Ground out 4-3 (Groundball, 4S, EV 72.5 MPH)
Bottom of the 6th over - 0 runs, 0 hits, 0 errors, 1 left on base; Toronto 3 - Detroit 1
TOP OF THE 7TH
Toronto Blue Jays batting - Pitching for Detroit Tigers : RHP Andy Miller
Batting: RHB Butch Kaiser 0-0: Called Strike
0-1: Ball
1-1: Ball
2-1: Foul Ball, location: 2F
2-2: Foul Ball, location: 2F
2-2: Fly out, F9 (Flyball, 89M, EV 73.8 MPH)
Batting: RHB Steve Jordan 0-0: Called Strike
0-1: Ball
1-1: Ball
2-1: Ball
3-1: Base on Balls
Pitching: LHP Josh Thorpe
Batting: RHB Brock Van Gilder 0-0: Fly out, F9 (Flyball, 89M, EV 81.2 MPH)
Batting: RHB Mike Harkins 0-0: Foul Ball, location: 2F
0-1: Swinging Strike
0-2: Ball
1-2: Strikes out swinging
Top of the 7th over - 0 runs, 0 hits, 0 errors, 1 left on base; Toronto 3 - Detroit 1
BOTTOM OF THE 7TH
Detroit Tigers batting - Pitching for Toronto Blue Jays : RHP Hoof Harted
Batting: SHB Adam Weber 0-0: Ball
1-0: Foul Ball, location: 2F
1-1: Called Strike
1-2: Foul Ball, location: 2F
1-2: Strikes out swinging
Batting: LHB Tyler Davis 0-0: Ball
1-0: Ball
2-0: SINGLE (Groundball, 4D, EV 108.1 MPH)
Batting: LHB Bill Ford 0-0: Fielders Choice at 2nd, 1-6 (Groundball, 13S, EV 72.5 MPH)
Batting: RHB Andres Leon 0-0: Swinging Strike
0-1: Swinging Strike
0-2: Ball
1-2: Ball
2-2: Ball
3-2: Foul Ball, location: 2F
3-2: SINGLE (Line Drive, 56D, EV 96.9 MPH)
Bill Ford to second
Bill Ford to third
Batting: RHB Dan Friess 0-0: Ball
1-0: Ball
2-0: Ball
3-0: Fly out, F7 (Flyball, 78D, EV 106.9 MPH)
Bottom of the 7th over - 0 runs, 2 hits, 0 errors, 2 left on base; Toronto 3 - Detroit 1
TOP OF THE 8TH
Toronto Blue Jays batting - Pitching for Detroit Tigers : LHP Josh Thorpe
Batting: RHB Donny Burnside 0-0: Called Strike
0-1: Called Strike
0-2: Foul Ball, location: 2F
0-2: Ball
1-2: Ball
2-2: Ball
3-2: Base on Balls
Batting: RHB Danny Burnside 0-0: Ball
1-0: Ball
2-0: Sac Bunt to P - play at first, batter OUT! 1-3
Donny Burnside to second
Batting: LHB Willis Robles 0-0: Called Strike
0-1: Ball
1-1: Foul Ball, location: 2F
1-2: Strikes out swinging
Batting: SHB Dominik Hasek II 0-0: Foul Ball, location: 2F
0-1: Fly out, F9 (Flyball, 9LM, EV 82.5 MPH)
Top of the 8th over - 0 runs, 0 hits, 0 errors, 1 left on base; Toronto 3 - Detroit 1
BOTTOM OF THE 8TH
Detroit Tigers batting - Pitching for Toronto Blue Jays : RHP Hoof Harted
Batting: LHB Frank McConnell 0-0: Called Strike
0-1: Called Strike
0-2: Ball
1-2: Ball
2-2: SINGLE (Line Drive, 56, EV 98.1 MPH)
Batting: LHB Morgan Black 0-0: Ball
1-0: Hit by Pitch
Frank McConnell to second
Batting: RHB Victor Quinones 0-0: Called Strike
0-1: Ball
1-1: Grounds into double play, 5-4-3 (Groundball, 56, EV 108.1 MPH)
Frank McConnell to third
Batting: LHB Dave Carlisle 0-0: Ball
1-0: Fly out, F9 (Flyball, 9LD, EV 81.2 MPH)
Bottom of the 8th over - 0 runs, 1 hit, 0 errors, 1 left on base; Toronto 3 - Detroit 1
TOP OF THE 9TH
Toronto Blue Jays batting - Pitching for Detroit Tigers : LHP Josh Thorpe
Batting: SHB Jason Woods 0-0: Fly out, F4 (Popup, 23, EV 89.4 MPH)
Batting: RHB Butch Kaiser 0-0: Ball
1-0: SINGLE (Groundball, 6M, EV 106.9 MPH) (infield hit)
Batting: RHB Steve Jordan 0-0: Ball
1-0: Ball
2-0: Swinging Strike
2-1: Called Strike
2-2: Strikes out swinging
Pitching: RHP Caleb Franklin
Batting: RHB Brock Van Gilder 0-0: Called Strike
0-1: Swinging Strike
0-2: Foul Ball, location: 2F
0-2: SINGLE (Groundball, 34D, EV 107.5 MPH)
Butch Kaiser to second
Runner from 2nd tries for 3rd, SAFE, throw by RF made to third
Brock Van Gilder to second
Batting: RHB Mike Harkins 0-0: Ball
1-0: Called Strike
1-1: Ball
2-1: Called Strike
2-2: Foul Ball, location: 2F
2-2: Ball
3-2: Base on Balls
Batting: RHB Donny Burnside 0-0: Ball
1-0: Ground out 3-1 (Groundball, 34, EV 76.9 MPH)
Top of the 9th over - 0 runs, 2 hits, 0 errors, 3 left on base; Toronto 3 - Detroit 1
BOTTOM OF THE 9TH
Detroit Tigers batting - Pitching for Toronto Blue Jays : RHP Hoof Harted
Pitching: LHP Tim Franco
Batting: SHB Adam Weber 0-0: Swinging Strike
0-1: Swinging Strike
0-2: Strikes out looking
Batting: RHB Sam Saunders 0-0: Called Strike
0-1: Called Strike
0-2: Strikes out swinging
Pinch Hitting: RHB Chris Wheatley 0-0: Called Strike
0-1: Swinging Strike
0-2: Ball
1-2: Strikes out swinging
Bottom of the 9th over - 0 runs, 0 hits, 0 errors, 0 left on base; Toronto 3 - Detroit 1
Sunday, July 16th , 2023 - OOTP Baseball 24.6 Build 69